 Dungeon Crawl Stone Soup version 0.14-a0-1761-gdbd231b (webtiles) character file.

996 M4edhros the Ducker (level 8, 0/52 HPs)
             Began as an Octopode Fighter on Jan 4, 2014.
             Blown up by a hobgoblin (18 damage)
             ... with a wand of disintegration
             ... on Level 4 of the Dungeon.
             The game lasted 00:08:01 (4551 turns).

M4edhros the Ducker (Octopode Fighter)              Turns: 4551, Time: 00:08:01

HP   0/52        AC  1     Str 15      XL: 8   Next:  6%
MP   8/8         EV 12     Int 13      God:
Gold 103         SH 19     Dex 11      Spells:  0 memorised,  7 levels left

rFire  . . .     SeeInvis .     a - +1 trident
rCold  . . .     Clarity  .     c - +0 shield (curse)
rNeg   . . .     Conserve .     (helmet restricted)
rPois  .         rCorr    .     (no amulet)
rElec  .         rRot     .     (no ring)
SustAb . .       Spirit   .     (no ring)
rMut   .         Warding  .     (no ring)
Saprov . . .     Stasis   .     (no ring)
                                (no ring)
                                (no ring)
                                (no ring)
                                (no ring)

@: very slightly contaminated, slightly resistant to hostile enchantments,
fairly stealthy
A: almost no armour, amphibious, 8 rings, constrict 8, camouflage 1, blink 1,
deterioration 1, high mp 1, gelatinous body 1
a: Blink


You were on level 4 of the Dungeon.
You were not hungry.

You visited 1 branch of the dungeon, and saw 5 of its levels.

You collected 103 gold pieces.

Inventory:

Hand weapons
 a - a +1,+1 trident (weapon)
 k - a +1,+2 vampiric spear
 o - a +1,+4 orcish short sword
Armour
 c - a cursed +0 shield (worn)
Comestibles
 d - 5 bread rations
 h - an apple
 i - a cheese
 l - a sausage
 m - 4 meat rations
Scrolls
 b - 2 scrolls of blinking
 e - a scroll of amnesia
 f - a scroll of remove curse
 g - 3 scrolls of identify
 j - a scroll of fog
 q - 3 scrolls of fear
Books
 n - a book of Fire

   Spells                             Type                      Level
   Fire Brand                         Charms/Fire                  2
   Ignite Poison                      Fire/Transmutation           5
   Fireball                           Conjuration/Fire             5
   Bolt of Fire                       Conjuration/Fire             6
   Delayed Fireball                   Conjuration/Fire             7
   Ring of Flames                     Charms/Fire                  7


   Skills:
 - Level 3.0 Fighting
 + Level 5.4 Polearms
 + Level 5.9 Dodging
 + Level 5.9 Shields


You had 7 spell levels left.
You didn't know any spells.

Dungeon Overview and Level Annotations

Branches:
Dungeon (5/16)
 Temple: D:4-7

Altars:

Annotations:
D:4 Duvessa


Innate Abilities, Weirdness & Mutations

You cannot wear most types of armour.
You are amphibious.
You can wear up to eight rings at the same time.
You can use your tentacles to constrict many enemies at once.
Your skin changes colour to match your surroundings (Stlth).
Your rubbery body absorbs attacks (AC +1).
You can translocate small distances at will.
Your body is slowly deteriorating.
You have an increased reservoir of magic (+10% MP).


Message History

The gnoll barely misses you.
You hit the gnoll.
You kill the gnoll!
The hobgoblin zaps a wand.
You are blasted!
Evoke which item? (* to show all) (? for menu, Esc to quit)
Okay, then.
You aren't carrying any potions.
Read which item? (? for menu, Esc to quit)
Okay, then.
Read which item? (? for menu, Esc to quit)
Blink to where?
Press: ? - help, Dir - move target cursor
As you read the scroll of blinking, it crumbles to dust.
You are very lightly contaminated with residual magic.
A ball python comes into view.
The hound barks!
The hobgoblin closely misses you.
You hit the hobgoblin but do no damage. You grab the hobgoblin.
You constrict the hobgoblin.
The hobgoblin zaps a wand.
You are blasted!
You die...

#...
.....#.############>.....
.....
.................%......
......
<..............).....
.......
#..........g.........
##.......
#.....%.######....... #..
...#......)######.......
....h......§............
....#.......######......)
.......g@...# #.......
....S.........# #.......
...#....####.# #.#.##.. .
.......###. #.#)##..
.........#....###.#.##..
..........?....§.......
.......#....###.#.##.#
.......... #.#.##.#
...#.. #g#.##.#


You could see a hound, a hobgoblin and a ball python.

Vanquished Creatures
  Grinder (D:4)
  The ghost of wojtek the Cudgeler, an average TeGl of Makhleb (D:4)
  An ogre (D:5)
  A giant frog (D:3)
  A gnoll sergeant (D:4)
  2 crimson imps (D:5)
  9 gnolls
  4 adders (D:2)
  An inept feature mimic (D:2)
  5 worms
  A giant gecko (D:3)
  11 orcs (D:3)
  6 bats
  10 giant cockroaches
  9 hobgoblins
  3 giant newts
  7 goblins
  3 kobolds
  A quokka (D:2)
  6 rats
83 creatures vanquished.

Notes
Turn   | Place    | Note
--------------------------------------------------------------
     0 | D:1      | M4edhros, the Octopode Fighter, began the quest for the Orb.
     0 | D:1      | Reached XP level 1. HP: 16/16 MP: 1/1
   284 | D:1      | Reached XP level 2. HP: 15/21 MP: 2/2
  1008 | D:2      | Reached XP level 3. HP: 24/26 MP: 3/3
  1236 | D:2      | Reached XP level 4. HP: 25/31 MP: 4/4
  1752 | D:2      | Gained mutation: Your body is slowly deteriorating. [potion of mutation]
  1752 | D:2      | Gained mutation: You have an increased reservoir of magic (+10% MP). [potion of mutation]
  1752 | D:2      | Gained mutation: You can translocate small distances at will. [potion of mutation]
  1813 | D:2      | HP: 1/31 [poison (a potion of poison)]
  2234 | D:3      | Reached skill level 4 in Shields
  2622 | D:3      | Reached XP level 5. HP: 31/36 MP: 5/5
  2833 | D:3      | Noticed a giant frog
  2841 | D:3      | Killed a giant frog
  3205 | D:4      | Noticed Grinder
  3209 | D:4      | Paralysed by Grinder for 7 turns
  3220 | D:4      | Killed Grinder
  3220 | D:4      | Reached skill level 5 in Shields
  3220 | D:4      | Reached XP level 6. HP: 10/42 MP: 6/6
  3315 | D:4      | Noticed Duvessa
  3409 | D:4      | Noticed wojtek's ghost (average TeGl)
  3433 | D:4      | Killed wojtek's ghost
  3433 | D:4      | Reached skill level 5 in Dodging
  3433 | D:4      | Reached XP level 7. HP: 29/46 MP: 7/7
  3733 | D:5      | Entered Level 5 of the Dungeon
  3743 | D:5      | Reached skill level 5 in Polearms
  4394 | D:4      | Reached XP level 8. HP: 10/52 MP: 8/8
  4551 | D:4      | Blown up by a hobgoblin

Action                   |  1- 3 |  4- 6 |  7- 9 || total
-------------------------+-------+-------+-------++-------
Melee: Trident           |    57 |   123 |    50 ||   230
  Use: Scroll            |     3 |     4 |     4 ||    11
       Potion            |     4 |     4 |     1 ||     9
 Stab: Sleeping          |     5 |     4 |       ||     9
       Distracted        |     1 |       |       ||     1
